 Dungeon Crawl Stone Soup version 0.30.1-4-g462c640d31 (webtiles) character file.

Game seed: 9916049894772708074

55 Eitelfritz the Trooper (level 3, -7/33 HPs)
             Began as a Hill Orc Fighter on Sept 9, 2023.
             Mangled by Sigmund
             ... wielding a +1 scythe of protection
              (11 damage)
             ... on level 2 of the Dungeon.
             The game lasted 00:02:35 (1362 turns).

Eitelfritz the Trooper (Hill Orc Fighter)           Turns: 1362, Time: 00:02:35

Health: -7/33      AC:  7    Str: 20    XL:     3   Next: 93%
Magic:  3/3        EV:  9    Int:  8    God:
Gold:   126        SH:  0    Dex: 10    Spells: 2/2 levels left

rFire   . . .        a - +0 war axe
rCold   . . .        c - +0 buckler
rNeg    . . .        b - +0 scale mail
rPois   .            (no helmet)
rElec   .            (no cloak)
rCorr   .            (no gloves)
SInv    .            (no boots)
Will    .....        (no amulet) Stlth
                     (no ring)
HPRegen 0.25/turn    (no ring)
MPRegen 0.08/turn

%: no passive effects
@: confused, mighty
A: no striking features
a: no special abilities


You were on level 2 of the Dungeon.
You visited 1 branch of the dungeon, and saw 2 of its levels.

You collected 126 gold pieces.

Inventory:

Hand Weapons
 a - a +0 war axe (weapon)
Missiles
 f - 8 poisoned darts (quivered)
Armour
 b - a +0 scale mail (worn)
 c - a +0 buckler (worn)
Jewellery
 j - a +5 ring of evasion
Scrolls
 g - 2 scrolls of identify {unknown}
 h - a scroll of vulnerability {unknown}
 l - 2 scrolls of immolation {unknown}
 o - a scroll of poison {unknown}
Potions
 d - a potion of might
 e - 2 potions of haste {unknown}
 i - a potion of degeneration {unknown}
 k - a potion of magic {unknown}
 m - a potion of lignification {unknown}
 n - a potion of brilliance
 p - a potion of curing {unknown}


   Skills:
 + Level 4.0 Fighting
 + Level 3.9 Axes
 + Level 3.8 Armour
 + Level 0.5 Dodging
 + Level 3.6 Shields


You had 2 spell levels left.
You didn't know any spells.
Your spell library contained the following spells:

 Spells                   Type           Power      Damage    Failure   Level
 Hailstorm                Conj/Ice       0%         3d3       99%         3
 Ozocubu's Armour         Ice            0%         N/A       99%         3
 Ice Form                 Ice/Tmut       0%         N/A       100%        4
 Metabolic Englaciation   Hex/Ice        0%         N/A       100%        5
 Simulacrum               Ice/Necr       0%         N/A       100%        6


Dungeon Overview and Level Annotations

Branches:
Dungeon (2/15)

Altars:

Shops:
D:2 [

Annotations:
D:2 Sigmund


Message History

Found a stone staircase leading down.
Found a club.
There is a stone staircase leading down here.
You see here a +0 club.
You see here a +4 dagger.
You see here a +0 club.
Sigmund the Dreaded comes into view.
He is wielding a +1 scythe of protection.
Sigmund shouts!
Sigmund drinks a potion.
Sigmund's spells are empowered!
Throw: 10 darts (poison)
Press: ? - help, Q - select action Shift-Dir - straight line, f - Sigmund
Aim: Sigmund, wielding a +1 scythe of protection and wearing a +0 robe (spells empowered, 53% to hit)
You throw a poisoned dart.
The poisoned dart completely misses Sigmund.
Sigmund hits you from afar with a +1 scythe of protection.
Throw: 9 darts (poison)
Press: ? - help, Q - select action Shift-Dir - straight line, f/p - Sigmund
Aim: Sigmund, wielding a +1 scythe of protection and wearing a +0 robe (spells empowered, 53% to hit)
You throw a poisoned dart. The poisoned dart hits Sigmund.
Sigmund hits you from afar with a +1 scythe of protection.
You see here a wand of flame (15).
You hit Sigmund.
Sigmund is lightly wounded.
Sigmund flickers, as though insubstantial.
Sigmund gestures at you while chanting.
You are confused.
Sigmund points at you and mumbles some strange words.
You are more confused.
You feel very mighty all of a sudden.
Sigmund hits you with a +1 scythe of protection!
You hit Sigmund but do no damage.
Sigmund is lightly wounded.
Sigmund hits you with a +1 scythe of protection!
* * * LOW HITPOINT WARNING * * *
You slash Sigmund!
Sigmund is severely wounded.
You hit Sigmund.
Sigmund is almost dead.
Sigmund hits you with a +1 scythe of protection!
You die...

#################
#................
#.###############
#.# #.......
########.#
#.######
......@@.# #.#
#... .........#
#.# ###.
..(......# #.# #†
########.#
#.#####. #######
#.# #.......
########.....#
#.# #######.
......##.....#
#.###############
......##.....#
#................
......##.....#
#...#############


You could see Sigmund (empowered).

Vanquished Creatures
  An adder (D:2)
  A dart slug (D:2)
  4 bats
  An endoplasm (D:1)
  A giant cockroach (D:1)
  5 goblins
  3 hobgoblins
  6 jackals
  A quokka (D:1)
  10 ball pythons
  2 frilled lizards (D:1)
  4 kobolds
39 creatures vanquished.

Notes
Turn   | Place    | Note
-------+----------+-------------------------------------------
     0 | D:1      | Eitelfritz the Hill Orc Fighter began the quest for the
                  | Orb.
     0 | D:1      | Reached XP level 1. HP: 19/19 MP: 1/1
   181 | D:1      | Reached XP level 2. HP: 27/27 MP: 2/2
   387 | D:1      | Reached skill level 4 in Fighting
   535 | D:1      | Reached XP level 3. HP: 32/33 MP: 3/3
  1098 | D:2      | Found Ureymapn's Antique Armour Shop.
  1354 | D:2      | Noticed Sigmund
  1362 | D:2      | Mangled by Sigmund

Illustrated notes

Levels and vault maps discovered:
D:1:      reono_arrival_forest_river, layout_loops_ring
D:2:      layout_basic, serial_shops, nicolae_shop_hallway_plus, uniq_sigmund

Skill      XL: |  1  2 |
---------------+-------+-----
Axes           | 3 |  3.9
Fighting       | 4 |  4.0
Armour         | |  3.8
Dodging        | |  0.5
Shields        | |  3.6

Action                     || total
---------------------------++-------
  Melee: War axe           ||   115
  Throw: Dart              ||     2
    Use: Potion            ||     1
 Armour: Scale mail        ||    52
  Dodge: Dodged            ||    62
  Block: Buckler           ||    25
